 Dungeon Crawl Stone Soup version 0.25-a0-597-gb30770a0c0 (webtiles) character file.

Game seed: 2854228685140325399, levelgen mode: deterministic

1328 Glundar the Poker (level 8, -2/58 HPs)
             Began as a Demonspawn Fighter on Mar 15, 2020.
             Was a Believer of Qazlal.
             Slain by an orc warrior
             ... wielding a cursed +0 flail
              (9 damage)
             ... on level 5 of the Dungeon.
             The game lasted 00:35:28 (6487 turns).

Glundar the Poker (Demonspawn Fighter)              Turns: 6487, Time: 00:35:28

Health: -2/58      AC: 12    Str: 18    XL:     8   Next: 34%
Magic:  8/8        EV: 11    Int:  9    God:    Qazlal [**....]
Gold:   251        SH: 11    Dex: 14    Spells: 7/7 levels left

rFire    . . .     SeeInvis .   a - +2 trident (flame)
rCold    + . .     Gourm    .   c - +0 kite shield
rNeg     . . .     Faith    +   E - +0 chain mail
rPois    .         Spirit   .   l - +0 helmet
rElec    .         Reflect  .   y - +0 cloak
rCorr    .         Harm     .   (no gloves)
MR       .....                  H - +0 pair of boots
Stlth    ..........             s - amulet of faith
HPRegen  0.19/turn              (no ring)
MPRegen  0.11/turn              (no ring)

@: agile
A: claws 2, repulsion field 1, cold resistance 1, powered by pain 1
a: Upheaval, Renounce Religion


You were on level 5 of the Dungeon.
You worshipped Qazlal.
Qazlal was pleased with you.
You were not hungry.

You visited 2 branches of the dungeon, and saw 7 of its levels.

You collected 251 gold pieces.

Inventory:

Hand Weapons
 a - a +2 trident of flaming (weapon)
 b - a +0 hunting sling
 x - a +0 war axe
 J - a +0 whip
Missiles
 h - 17 sling bullets
 i - 154 stones (quivered)
Armour
 c - a +0 kite shield (worn)
 l - a +0 helmet (worn)
 y - a +0 cloak (worn)
 E - a +0 chain mail (worn)
 H - a +0 pair of boots (worn)
Jewellery
 g - an uncursed ring of ice {unknown}
 s - an amulet of faith (around neck)
 u - a cursed amulet of inaccuracy {unknown}
Wands
 d - a wand of disintegration (15)
 m - a wand of enslavement (8)
Scrolls
 e - 5 scrolls of remove curse {unknown}
 k - 11 scrolls of identify {unknown}
 n - a scroll of magic mapping {unknown}
 o - 3 scrolls of teleportation {unknown}
 q - 3 scrolls of amnesia {unknown}
 t - a scroll of enchant weapon {unknown}
 v - 2 scrolls of fear {unknown}
 B - a scroll of noise {unknown}
 D - a scroll of enchant armour {unknown}
Potions
 j - 2 potions of flight {unknown}
 p - a potion of stabbing {unknown}
 r - a potion of haste {unknown}
 w - a potion of curing {unknown}
 z - a potion of cancellation {unknown}
 C - a potion of mutation {unknown}
 F - a potion of brilliance {unknown}
 G - a potion of lignification {unknown}
 I - a potion of resistance {unknown}
Comestibles
 f - 7 rations


   Skills:
 - Level 3.2 Fighting
 - Level 4.8(6.0) Axes
 + Level 5.4(6.3) Polearms
 + Level 5.3 Slings
 - Level 2.9 Armour
 - Level 2.8 Shields


You had 7 spell levels left.
You didn't know any spells.
Your spell library was empty.

Dungeon Overview and Level Annotations

Branches:
Dungeon (6/15)             Temple (1/1) D:4

Altars:
Ashenzari
Cheibriados
Dithmenos
Elyvilon
Fedhas
Gozag
Hepliaklqana
Makhleb
Nemelex Xobeh
Okawaru
Qazlal
Ru
Sif Muna
Trog
Vehumet
Wu Jian
Xom
Yredelemnul
Zin
The Shining One
Beogh

Shops:
D:4 [

Annotations:
D:4 3 runed translucent doors, exclusion: 3 doors, Kohma's ghost, amateur OpTm


Innate Abilities, Weirdness & Mutations

You have very sharp fingernails.
You are surrounded by a mild repulsion field. (EV +2)
Your flesh is cold resistant. (rC+)
You sometimes gain a little power by taking damage.


Message History

You kill the orc!
Qazlal accepts your kill. You block the orc warrior's attack.
The orc hits you but does no damage.
You barely miss the orc warrior.
The orc warrior is heavily wounded.
The orc warrior closely misses you.
You hit the orc warrior but do no damage.
The orc warrior is heavily wounded.
You block the orc warrior's attack.
You hit the orc warrior but do no damage.
The orc warrior is moderately wounded.
The orc warrior barely misses you.
You hit the orc warrior but do no damage.
The orc warrior is moderately wounded.
The orc warrior hits you with a cursed +0 flail!
* * * LOW HITPOINT WARNING * * *
You hit the orc warrior but do no damage.
The orc warrior is moderately wounded.
The orc warrior hits you with a cursed +0 flail!
You die...

#############
#...........#
#.#########.#
####.##.....##.####
..............oo@.#
..##.#....#.##5##.#
..##....#.#.##....#
..###.........5...#####
..#........<#..#......#
..#.......#.#..######.#
..#.........#..##.###)#
..#.................#.#
..#........######.#.#.#


You could see an orc warrior, a shadow imp and an orc.

Vanquished Creatures
  Sigmund (D:3)
  A phantom (D:5)
  An ogre (D:5)
  A necrophage (D:5)
  A bullfrog (D:6)
  2 scorpions (D:5)
  A howler monkey (D:4)
  A crimson imp (D:5)
  A hound (D:4)
  A jelly (D:5)
  A gnoll shaman (D:5)
  An iguana (D:4)
  An orc priest (D:5)
  A bullfrog skeleton (D:5)
  A centaur skeleton (D:4)
  Ijyb (D:3)
  4 worker ants
  Natasha (thrice) (D:3)
  4 orc wizards
  A hound skeleton (D:4)
  Robin (D:3)
  5 gnolls (D:5)
  3 adders
  An ooze (D:3)
  An adder skeleton (D:5)
  3 worms
  2 dart slugs
  4 leopard geckos
  14 orcs
  3 giant cockroaches
  3 hobgoblins
  2 jackals
  A ball python skeleton (D:5)
  4 bats
  4 frilled lizards
  12 goblins
  A jackal zombie (D:5)
  7 kobolds
  7 rats
107 creatures vanquished.

Notes
Turn   | Place    | Note
-------+----------+-------------------------------------------
     0 | D:1      | Glundar the Demonspawn Fighter began the quest for the Orb.
     0 | D:1      | Reached XP level 1. HP: 18/18 MP: 1/1
    89 | D:1      | Gained mutation: You sometimes gain a little power by
                  | taking damage. [demonic ancestry]
    89 | D:1      | Reached XP level 2. HP: 23/24 MP: 2/2
   646 | D:2      | Found an opulent altar of Gozag.
   910 | D:2      | Gained mutation: You are surrounded by a mild repulsion
                  | field. (EV +2) [demonic ancestry]
   910 | D:2      | Reached XP level 3. HP: 28/29 MP: 3/3
  1180 | D:2      | Found a shimmering altar of Xom.
  1180 | D:2      | Found a burning altar of Makhleb.
  1180 | D:2      | Found a radiant altar of Vehumet.
  1180 | D:2      | Found a sacrificial altar of Ru.
  1371 | D:2      | Found a stormy altar of Qazlal.
  1375 | D:2      | Found an iron altar of Okawaru.
  1379 | D:2      | Became a worshipper of Qazlal Stormbringer
  1543 | D:3      | Noticed Natasha
  1989 | D:3      | Killed Natasha
  1989 | D:3      | Reached XP level 4. HP: 5/35 MP: 4/4
  2448 | D:3      | Noticed Natasha
  2522 | D:3      | Noticed Ijyb
  2543 | D:3      | Killed Ijyb
  2543 | D:3      | Killed Natasha
  2543 | D:3      | Gained mutation: You have sharp fingernails. [demonic
                  | ancestry]
  2543 | D:3      | Reached XP level 5. HP: 7/41 MP: 5/5
  2805 | D:3      | Noticed Natasha
  2829 | D:3      | Killed Natasha
  3156 | D:3      | Noticed Robin
  3171 | D:3      | Reached * piety under Qazlal
  3176 | D:3      | Killed Robin
  3297 | D:3      | Reached skill level 1 in Polearms
  3300 | D:3      | Noticed Sigmund
  3314 | D:3      | Killed Sigmund
  3314 | D:3      | Reached XP level 6. HP: 23/47 MP: 6/6
  4360 | D:4      | Found a staircase to the Ecumenical Temple.
  4368 | Temple   | Entered the Ecumenical Temple
  4582 | D:4      | Gained mutation: Your flesh is cold resistant. (rC+)
                  | [demonic ancestry]
  4582 | D:4      | Reached XP level 7. HP: 52/52 MP: 7/7
  4773 | D:4      | Found a runed translucent gate.
  4774 | D:4      | Found a runed translucent gate.
  4775 | D:4      | Found a runed translucent gate.
  4776 | D:4      | Identified the +12 whip of Dissatisfaction {flame, *Corrode
                  | rC+ MR+ Stlth+}
  4776 | D:4      | Identified the cursed +0 chain mail of Proximity {*Corrode
                  | Str+5 Dex+4}
  4776 | D:4      | Noticed Kohma's ghost (amateur OpTm)
  4838 | D:4      | Found Edehohy's Antique Armour Emporium.
  4974 | D:4      | Found a roughly hewn altar of Beogh.
  5000 | D:5      | Entered Level 5 of the Dungeon
  5647 | D:5      | Gained mutation: You have very sharp fingernails. [demonic
                  | ancestry]
  5647 | D:5      | Reached XP level 8. HP: 54/58 MP: 8/8
  5974 | D:5      | Reached ** piety under Qazlal
  6091 | D:5      | Reached skill level 5 in Polearms
  6157 | D:5      | Reached skill level 5 in Slings
  6170 | D:5      | Found a shimmering blue altar of Sif Muna.
  6487 | D:5      | Slain by an orc warrior

Levels and vault maps discovered:
D:1:      sevenhm_arrival_forest_fort_small_5, layout_rooms
D:2:      layout_loops_ring, minmay_overflow_temple_hex, grunt_gozag_statues
D:3:      layout_rooms, uniq_sigmund, uniq_ijyb, uniq_robin, uniq_natasha
D:4:      layout_cave_pods, minmay_temple_entry_gardened_gates,
          biasface_ghost_orc_armoury, serial_shops, kennysheep_little_box
D:5:      layout_basic, first_ration, led_sif_book
D:6:      layout_loops_corners, minmay_misc_feat_iff, uniq_blork_the_orc
Temple:   nicolae_temple_figure_eight

Skill      XL: |  1  2  3  4  5  6  7  8 |
---------------+-------------------------+-----
Axes           | 2 3 4 |  4.8
Polearms       | 2 3 4 5 |  5.4
Slings         | 2 4 5 |  5.3
Fighting       | |  3.2
Armour         | |  2.9
Shields        | |  2.8

Action                   |  1- 3 |  4- 6 |  7- 9 || total
-------------------------+-------+-------+-------++-------
Melee: War axe           |   123 |    68 |       ||   191
       Trident           |       |    61 |   133 ||   194
 Fire: Hunting sling     |       |    12 |    39 ||    51
Evoke: Wand              |       |       |     1 ||     1
  Use: Potion            |     1 |       |       ||     1
  Eat: Chunk             |     3 |     4 |     4 ||    11
       Ration            |       |     1 |     1 ||     2
Armor: Scale mail        |    47 |       |       ||    47
       Chain mail        |     2 |    69 |    51 ||   122
Dodge: Dodged            |    44 |    28 |    32 ||   104
Block: Kite shield       |    44 |    52 |    76 ||   172

Table legend:
 A = Non-vault XP
 B = Vault XP
 C = Vault XP percentage of total XP
 D = Non-vault monster count
 E = Vault monster count
 F = Vault count percentage of total count
                 A         B        C        D         E       F
            +---------+---------+-------+---------+---------+-------
      Total |    1514 |     384 |  20.2 |      96 |      11 |  10.3
            +---------+---------+-------+---------+---------+-------
        D:1 |      29 |       0 |   0.0 |      18 |       0 |   0.0
        D:2 |      23 |       0 |   0.0 |      10 |       0 |   0.0
        D:3 |     177 |     324 |  64.7 |      28 |       9 |  24.3
        D:4 |     305 |       0 |   0.0 |      10 |       0 |   0.0
        D:5 |     892 |      60 |   6.3 |      29 |       2 |   6.5
        D:6 |      88 |       0 |   0.0 |       1 |       0 |   0.0
            +---------+---------+-------+---------+---------+-------
